woodfighter, chaotic female orcish Cavewoman ------- |.....-- ---------- `#################.......| |...)....| -------- |......| |........| |......| ##...[...| |`...<...-# #.......| # --.....| ---.------ ###|..*...-----### -----|- # # |*.........|# # # ### |..........-# ### # # |..........| # ## # ### ------------ ## ### # --.--# # ### |...@Q ## # |*).|#e -----|-# |...| |.....|# |...| |.....|# ----- |......# ------- woodfighter the Young Cave Woman Experience level: 6 Strength: 18/02 Dexterity: 11 Constitution: 18 Intelligence: 10 Wisdom: 9 Charisma: 7 Health: 0(69) Energy: 18(18) Def: 2 Gold: 740 Moves: 3552 Dungeon seed: NKsqZCD72b8JISWf Game ID: woodfighter_1499150231 Your Inventory: Coins $ - 740 gold pieces Weapons a - a blessed +1 club (weapon in hand) b - a +2 sling (alternate weapon; not wielded) Armor q - an uncursed +0 leather armor (being worn) r - an uncursed +0 pair of jumping boots y - an uncursed +0 orcish helm z - an uncursed +3 mummy wrapping N - a cursed -1 elven mithril-coat Comestibles c - an uncursed tripe ration d - 3 uncursed food rations i - an uncursed eucalyptus leaf A - an uncursed lembas wafer F - 2 uncursed tins of hobgoblin meat Scrolls m - an uncursed scroll of enchant weapon n - an uncursed scroll of magic mapping v - an uncursed scroll of teleportation B - a blessed scroll of identify Spellbooks h - an uncursed spellbook of clairvoyance Rings w - an uncursed +1 ring of stealth C - a blessed +1 ring of gain constitution Wands f - a wand of magic missile (0:5) s - a wand of magic missile (0:4) Gems e - 8 uncursed flints (in quiver) Spells and supernatural/magical abilities: Name Level Category Fail Memory W - pray for help -- divine ? -- Your skills at the end: Miscellaneous Skills bare handed combat [Basic] Weapon Skills scimitar [Basic] club [Basic] sling [Basic] Spellcasting Skills Final Attributes: You were piously aligned. You were cold resistant. You were poison resistant. You had infravision. You were very stealthy. You are dead. Vanquished creatures: a yeti a dust vortex 2 human zombies an Uruk-hai a kobold mummy 2 elf zombies 2 giant ants 2 floating eyes a kobold lord an iguana a hill orc 6 rothes a jitterbug 3 coyotes a gas spore a hobbit a hobgoblin a cave spider 2 yellow molds 3 green molds 4 gnomes 3 garter snakes 2 gnome zombies 2 jackals a fox 6 newts a goblin 3 sewer rats 5 grid bugs 4 lichens 65 creatures vanquished. Voluntary challenges: You did not adorn yourself with jewelry or accessories. You did not cause conflict. You were not invisible. You did not have reflection. You were not displaced. You had been an atheist until turn 3051. You used a wielded weapon 91 times, starting on turn 135. You did not use tools. You did not use plumbed fixtures. You did not drink any magical draughts. You were illiterate. You never genocided any monsters. You never polymorphed an object. You changed form 1 time, starting on turn 3150. You used no wishes. You never split a pudding. You never wrote Elbereth's name. You never violated your personal moral code. Dungeon overview: The Dungeons of Doom: levels 1 to 10 Level 1 some fountains a long staircase Level 2 a fountain Level 3 (vault) Level 4 stairs to The Gnomish Mines Level 5 Level 6 Level 7 (locked) Level 8 Level 9 many fountains Level 10 <- You were here The Gnomish Mines: Level 5 stairs to The Dungeons of Doom History has recorded: On T:1 you entered the Dungeons of Doom to retrieve the Amulet of Yendor! On T:295 you reached level 2 of The Dungeons of Doom. On T:439 you advanced to experience level 2. On T:541 you reached level 3 of The Dungeons of Doom. On T:796 you reached level 4 of The Dungeons of Doom. On T:1052 you advanced to experience level 3. On T:1498 you reached level 5 of The Dungeons of Doom. On T:1564 you reached level 1 of The Gnomish Mines. On T:1732 you advanced to experience level 4. On T:2145 you reached level 6 of The Dungeons of Doom. On T:2216 you advanced to experience level 5. On T:2484 you reached level 7 of The Dungeons of Doom. On T:2769 you reached level 8 of The Dungeons of Doom. On T:2833 you reached level 10 of The Dungeons of Doom. On T:2843 you reached level 9 of The Dungeons of Doom. On T:2876 you advanced to experience level 6. On T:3051 you prayed to Anshar. Score breakdown: Gold: 740 ( 74 points) Experience: 6 levels ( 500 points) Exploration: 10 levels ( 270 points) Discoveries: 13 items ( 650 points) Variety of kills: 30 monsters ( 1500 points) Major goal: (nothing yet) ( 0 points) Survival: died (score multiplied by 3) Total score: 8982 Latest messages: The Uruk-hai picks up a two-handed sword. You hit the Uruk-hai! The Uruk-hai wields a two-handed sword! You kill the Uruk-hai! You feel more chaotic. There are several objects here. You hear the footsteps of a guard on patrol. With great effort you move the boulder. You try to move the boulder, but in vain. (2x) The door opens. You see here a curved sword. You see here 7 rocks. You stop exploring. The giant ant bites! You kill the giant ant! You stop exploring. You hit the Green-elf! The Green-elf zaps a wand of magic missile! The magic missile hits you! The magic missile bounces! The magic missile hits you! You hit the Green-elf! The Green-elf zaps a wand of magic missile! The magic missile whizzes by you! The magic missile bounces! The magic missile hits you! You die... Final status: Goodbye woodfighter the Cavewoman, killed by a magic missile... You died in The Dungeons of Doom on dungeon level 10 with 8982 points, and 740 pieces of gold, after 3552 moves. You were level 6 with a maximum of 69 hit points when you died.